 Dungeon Crawl Stone Soup version 0.20.0-8-g6b59dc7 (webtiles) character file.

2044 zhorgal the Covert (level 9, 0/62 HPs)
             Began as a Vampire Assassin on June 1, 2017.
             Was a Follower of Kikubaaqudgha.
             Shot with an arrow by a centaur (18 damage)
             ... on level 6 of the Dungeon.
             The game lasted 00:34:49 (7506 turns).

zhorgal the Covert (Vampire Assassin)               Turns: 7506, Time: 00:34:50

Health: 0/62       AC:  7    Str: 14    XL:     9   Next: 4%
Magic:  9/9        EV: 15    Int: 13    God:    Kikubaaqudgha [*.....]
Gold:   410        SH:  4    Dex: 19    Spells: 5/8 levels left

rFire    . . .     SeeInvis +   a - +2 dagger
rCold    . . .     Gourm    .   (no shield)
rNeg     + . .     Faith    .   q - +0 leather armour
rPois    +         Spirit   .   B - +0 helmet
rElec    .         Reflect  .   d - +0 cloak
rCorr    .         Harm     +   w - +0 pair of gloves
MR       .....     Clarity  +   g - +0 pair of boots
Stlth    +++++.....             P - amulet of harm
Regen    0.2/turn               j - ring of poison resistance
MPRegen  0.2/turn               D - +4 ring of strength

@: no status effects
A: fangs 3, large bone plates 1, see invisible, clarity, unbreathing, MP-powered
wands
a: Bat Form, Receive Corpses, Renounce Religion


You were on level 6 of the Dungeon.
You worshipped Kikubaaqudgha.
Kikubaaqudgha was aware of your devotion.
You were not thirsty.

You visited 1 branch of the dungeon, and saw 7 of its levels.

You collected 410 gold pieces.

Inventory:

Hand Weapons
 a - a +2 dagger (weapon)
 b - a +2 short sword
 u - a +0 glaive
 y - a +0 blowgun
 J - a +0 long sword
 L - a +0 falchion
 Q - a +0 hand axe of freezing
 R - a +4 long sword
 S - a +4 spear of freezing
Missiles
 e - 8 poisoned needles
 f - 2 curare-tipped needles
 i - 160 stones (quivered)
 H - 11 tomahawks
Armour
 c - a +0 robe
 d - a +0 cloak (worn)
 g - a +0 pair of boots (worn)
 h - a +0 scale mail
 k - a +0 plate armour
 p - a cursed +0 chain mail
 q - a +0 leather armour (worn)
 w - a +0 pair of gloves (worn)
 B - a +0 helmet (worn)
 N - a +0 plate armour
Jewellery
 j - a ring of poison resistance (left hand)
 D - a +4 ring of strength (right hand)
 P - an amulet of harm (around neck)
Wands
 U - a wand of disintegration (6/24)
Scrolls
 l - 2 scrolls of teleportation {unknown}
 m - 3 scrolls of remove curse
 n - 5 scrolls of identify
 o - 2 scrolls of amnesia {unknown}
 r - 2 scrolls of immolation {unknown}
 v - a scroll of fog {unknown}
 z - 3 scrolls of magic mapping {unknown}
 A - 4 scrolls of fear {unknown}
 C - 2 scrolls of enchant armour {unknown}
 E - a scroll of recharging {unknown}
 I - a scroll of noise {unknown}
 K - 2 scrolls of enchant weapon {unknown}
Potions
 s - a potion of magic {unknown}
 t - a potion of degeneration {unknown}
 x - 2 potions of curing {unknown}
 F - a potion of flight {unknown}
 G - 5 potions of lignification {unknown}
 M - 2 potions of heal wounds {unknown}
 T - 3 potions of blood
Books
 O - Kikubaaqudgha's Tome of Evil Rituals
   (Kikubaaqudgha gifted it to you on level 6 of the Dungeon)

   Spells                             Type                      Level
   a - Animate Skeleton               Necromancy                   1
   b - Corpse Rot                     Necromancy                   2
   c - Sublimation of Blood           Necromancy                   2
   d - Vampiric Draining              Necromancy                   3
   e - Control Undead                 Necromancy                   4


   Skills:
 - Level 2.9 Fighting
 * Level 9.7 Short Blades
 - Level 1.5 Throwing
 - Level 4.8 Dodging
 + Level 10.4 Stealth
 - Level 2.5 Necromancy


You had 5 spell levels left.
You knew the following spells:

 Your Spells              Type           Power        Failure   Level  Hunger
a - Animate Skeleton      Necr           N/A          14%         1    ##.....
b - Corpse Rot            Necr           N/A          21%         2    ###....


Dungeon Overview and Level Annotations

Branches:
Dungeon (7/15)             Temple (0/1) D:6

Altars:
Kikubaaqudgha
Nemelex Xobeh
Uskayaw

Shops:
D:6 }   D:7 %

Annotations:
D:3 exclusion: door
D:4 1 exclusion, Rekenzichi's ghost, amateur DrGl


Innate Abilities, Weirdness & Mutations

You have razor-sharp teeth.
You have supernaturally acute eyesight. (SInv)
You can survive without breathing.
You are partially covered in large bone plates. (SH +4)
You possess an exceptional clarity of mind.
You expend magic power (3 MP) to strengthen your wands.


Message History

An adder comes into view.
You barely miss the orc wizard.
The orc wizard is heavily wounded.
You block the orc wizard's attack. You block the orc warrior's attack.
The orc warrior hits you with a war axe.
The adder hisses angrily.
You hit the orc wizard.
The orc wizard is severely wounded.
The orc wizard completely misses you.
You barely miss the orc wizard.
The orc wizard is severely wounded.
The orc warrior hits you with a hand axe.
* * * LOW HITPOINT WARNING * * *
You hit the orc wizard. You bite the orc wizard.
You kill the orc wizard!
Kikubaaqudgha accepts your kill.
The centaur wields an uncursed shortbow.
The centaur shoots an arrow.
The arrow hits you!
You die...
Kikubaaqudgha rasps: "You have failed me!
Welcome... oblivion!"

#.# ##.##.##.#. #.#
#.##.#.... #.#
#.##.#.##. #.#####
#.##....). #.....#
##.##..≈≈≈≈
#####.###...#..≈≈≈≈
#.>.......P≈≈≈≈
#########...##.≈≈≈≈
#o@o...S...###...≈.
#)########## ##.##.
#c# ##.##. #.#
##..... #.# #......
#.# ##..<#. #.#
#### #####. #.####
##..###..##.
#....###.#..#..#.#.


You could see 2 orc warriors, a centaur and an adder.

Vanquished Creatures
  An orc warrior (D:5)
  2 ogres
  A necrophage (D:7)
  3 centaurs
  2 bullfrogs (D:6)
  2 scorpions (D:6)
  9 wights
  A centaur zombie (D:6)
  4 crimson imps
  3 bullfrog zombies (D:6)
  2 hounds
  3 orc priests
  2 bullfrog skeletons
  A centaur skeleton (D:3)
  2 orc wizards
  2 hound zombies (D:6)
  3 worker ant zombies
  12 adders
  2 shadow imps (D:5)
  2 oozes
  3 adder zombies (D:6)
  A worm (D:3)
  3 dart slugs
  2 leopard geckos (D:3)
  16 orcs
  4 giant cockroaches
  8 goblins
  4 hobgoblins
  2 jackals (D:1)
  9 kobolds
  4 quokkas
  A ball python (D:2)
  5 bats
  9 frilled lizards
  A jackal zombie (D:6)
  2 quokka skeletons (D:4)
  2 quokka zombies (D:6)
  8 rats
143 creatures vanquished.

Vanquished Creatures (others)
  An orc wizard (D:7)
1 creature vanquished.

Grand Total: 144 creatures vanquished

Notes
Turn   | Place    | Note
-------+----------+-------------------------------------------
     0 | D:1      | zhorgal the Vampire Assassin began the quest for the Orb.
     0 | D:1      | Reached XP level 1. HP: 16/16 MP: 1/1
   144 | D:1      | Reached XP level 2. HP: 16/22 MP: 2/2
   678 | D:2      | Reached XP level 3. HP: 20/27 MP: 3/3
   684 | D:2      | Gained mutation: You expend magic power (3 MP) to strengthen your wands. [potion of mutation]
   684 | D:2      | Gained mutation: You possess an exceptional clarity of mind. [potion of mutation]
   684 | D:2      | Gained mutation: You are partially covered in large bone plates. (SH +4) [potion of mutation]
  1032 | D:2      | Reached skill level 6 in Stealth
  1045 | D:2      | Reached XP level 4. HP: 22/33 MP: 4/4
  1634 | D:3      | Reached skill level 5 in Short Blades
  2051 | D:3      | Reached XP level 5. HP: 38/38 MP: 5/5
  2831 | D:4      | Noticed Rekenzichi's ghost (amateur DrGl)
  2873 | D:5      | Entered Level 5 of the Dungeon
  2927 | D:4      | Noticed an ogre
  2971 | D:4      | HP: 1/38 [ogre/giant spiked club (5)]
  2976 | D:4      | Killed an ogre
  2976 | D:4      | Reached skill level 7 in Stealth
  2976 | D:4      | Reached XP level 6. HP: 3/44 MP: 6/6
  4219 | D:5      | Reached XP level 7. HP: 30/49 MP: 7/7
  4458 | D:5      | Found an ancient bone altar of Kikubaaqudgha.
  4469 | D:5      | Became a worshipper of Kikubaaqudgha
  4672 | D:5      | Reached skill level 1 in Necromancy
  4682 | D:5      | Reached skill level 8 in Stealth
  4785 | D:5      | Noticed a dagger
  4786 | D:5      | Noticed a dagger
  4787 | D:5      | Found a hide-covered altar of Uskayaw.
  5647 | D:6      | Found Ciokk's Gadget Shoppe.
  6045 | D:6      | Reached XP level 8. HP: 36/57 MP: 8/8
  6542 | D:6      | Reached * piety under Kikubaaqudgha
  6542 | D:6      | Identified Kikubaaqudgha's Tome of Evil Rituals (Kikubaaqudgha gifted it to you on level 6 of the Dungeon)
  6542 | D:6      | Received a gift from Kikubaaqudgha
  6542 | D:6      | Reached skill level 9 in Stealth
  6546 | D:6      | Learned a level 1 spell: Animate Skeleton
  6549 | D:6      | Learned a level 2 spell: Corpse Rot
  7128 | D:6      | Found a staircase to the Ecumenical Temple.
  7196 | D:6      | Found a sparkling altar of Nemelex Xobeh.
  7316 | D:7      | Reached skill level 10 in Stealth
  7320 | D:7      | Found Xasaergh's Food Shop.
  7377 | D:7      | Reached XP level 9. HP: 62/62 MP: 9/9
  7506 | D:6      | Shot with an arrow by a centaur

Skill      XL: |  1  2  3  4  5  6  7  8 |
---------------+-------------------------+-----
Short Blades   | 3 4 5 6 7 9 |  9.7
Stealth        | 6 7 8 10 | 10.4
Dodging        | 2 3 4 |  4.8
Necromancy     | 2 |  2.5
Fighting       | 2 |  2.9
Throwing       | |  1.5

Action                   |  1- 3 |  4- 6 |  7- 9 || total
-------------------------+-------+-------+-------++-------
Melee: Dagger            |    90 |   223 |   322 ||   635
       Bite              |     8 |    26 |    53 ||    87
       Short sword       |       |    53 |    42 ||    95
 Fire: Blowgun           |       |     6 |       ||     6
 Abil: End Transformatio |       |       |     2 ||     2
       Bat Form          |       |       |     2 ||     2
  Use: Potion            |    11 |    12 |     6 ||    29
       Scroll            |       |       |     2 ||     2
 Stab: Sleeping          |     8 |    16 |    17 ||    41
       Distracted        |       |     1 |     1 ||     2
Armor: Robe              |     8 |       |       ||     8
       Leather armour    |    11 |    43 |    44 ||    98
Dodge: Dodged            |    38 |    89 |   126 ||   253
Block: Other             |     4 |    27 |    44 ||    75
